 Dungeon Crawl Stone Soup version 0.27-a0-808-g60bc5d92e6 (webtiles) character file.

Game seed: 3943225002553363329

38 Lanoc the Stinger (level 3, -2/25 HPs)
             Began as a Palentonga Venom Mage on Mar 28, 2021.
             Was a Follower of Qazlal.
             Slain by a bullfrog skeleton (6 damage)
             ... on level 2 of the Dungeon.
             The game lasted 00:02:32 (1996 turns).

Lanoc the Stinger (Palentonga Venom Mage)           Turns: 1996, Time: 00:02:32

Health: -2/25      AC:  5    Str: 11    XL:     3   Next: 25%
Magic:  6/6        EV: 10    Int: 16    God:    Qazlal [*.....]
Gold:   91         SH:  1    Dex: 10    Spells: 5/6 levels left

rFire    . . .     SeeInvis +   (no weapon)
rCold    + . .     Faith    .   (no shield)
rNeg     . . .     Spirit   .   a - +0 robe
rPois    +         Reflect  .   (no helmet)
rElec    .         Harm     .   (no cloak)
rCorr    .         Rampage  .   b - +0 pair of gloves
Will     .....                  (no barding)
Stlth    +.........             (no amulet)
HPRegen  0.08/turn              h - ring of poison resistance
MPRegen  0.10/turn              o - ring of protection from cold

@: no status effects
A: large, rugged brown scales 3, see invisible, deformed body, roll 1, armoured
tail
a: Rolling Charge, Renounce Religion


You were on level 2 of the Dungeon.
You worshipped Qazlal.
Qazlal was aware of your devotion.
You visited 1 branch of the dungeon, and saw 2 of its levels.

You collected 91 gold pieces.

Inventory:

Armour
 a - a +0 robe (worn)
 b - a +0 pair of gloves (worn)
Jewellery
 h - a ring of poison resistance (left hand)
 o - a ring of protection from cold (right hand)
Scrolls
 f - a scroll of magic mapping {unknown}
 g - a scroll of enchant armour {unknown}
 i - a scroll of acquirement {unknown}
 j - a scroll of vulnerability {unknown}
 k - a scroll of teleportation {unknown}
 l - a scroll of identify {unknown}
 n - a scroll of holy word {unknown}
Potions
 c - a potion of attraction {unknown}
 d - a potion of curing {unknown}
 e - a potion of degeneration {unknown}
 m - a potion of might {unknown}


   Skills:
 + Level 2.2 Dodging
 - Level 1.2 Stealth
 - Level 2.0 Spellcasting
 - Level 1.9 Transmutations
 + Level 2.9 Poison Magic


You had 5 spell levels left.
You knew the following spells:

 Your Spells              Type           Power      Damage    Failure   Level
a - Sting                 Tmut/Pois      36%        1d4       8%          1

Your spell library contained the following spells:

 Spells                   Type           Power      Damage    Failure   Level
 Poisonous Vapours        Pois/Air       12%        N/A       17%         2
 Ignite Poison            Fire/Tmut/Pois 6%         N/A       32%         3
 Mephitic Cloud           Conj/Pois/Air  4%         N/A       38%         3
 Olgreb's Toxic Radiance  Pois           10%        N/A       54%         4


Dungeon Overview and Level Annotations

Branches:
Dungeon (2/15)

Altars:
Qazlal

Shops:
D:1 (   D:2 =


Innate Abilities, Weirdness & Mutations

You are completely covered in rugged brown scales. (AC +3, +7% HP)
You have supernaturally acute eyesight. (SInv)
Armour fits poorly on your strangely shaped body.
You can roll at nearby foes to attack.
You have a long armoured tail.


Message History

The bullfrog skeleton is lightly damaged.
The bullfrog skeleton hits you. x2
You hit the bullfrog skeleton.
The bullfrog skeleton is moderately damaged.
The bullfrog skeleton hits you but does no damage.
You hit the bullfrog skeleton.
The bullfrog skeleton is moderately damaged.
The bullfrog skeleton hits you!
You are too injured to fight recklessly!
You are too injured to fight recklessly!
The bullfrog skeleton hits you but does no damage.
The bullfrog skeleton hits you but does no damage.
The bullfrog skeleton barely misses you.
The bullfrog skeleton closely misses you.
You hit the bullfrog skeleton.
The bullfrog skeleton is moderately damaged.
The bullfrog skeleton hits you but does no damage.
The bullfrog skeleton closely misses you.
You hit the bullfrog skeleton.
The bullfrog skeleton is heavily damaged.
The bullfrog skeleton hits you but does no damage.
You hit the bullfrog skeleton. You tail-slap the bullfrog skeleton.
The bullfrog skeleton is severely damaged.
The bullfrog skeleton barely misses you.
You hit the bullfrog skeleton but do no damage.
You tail-slap the bullfrog skeleton.
The bullfrog skeleton is severely damaged.
The bullfrog skeleton hits you but does no damage.
The bullfrog skeleton hits you.
You hit the bullfrog skeleton.
The bullfrog skeleton is severely damaged.
The bullfrog skeleton hits you but does no damage.
You hit the bullfrog skeleton but do no damage.
The bullfrog skeleton is severely damaged.
The bullfrog skeleton hits you.
* * * LOW HITPOINT WARNING * * *
The bullfrog skeleton hits you but does no damage.
There is an escape hatch in the ceiling here.
The bullfrog skeleton hits you.
You die...

#..##.#......# ##..#.##...# #.#
##.##.######.# ##........###.#
##.##.# #.# #....#....#.# #.....#
##.## ##..#.#....# ##..### #...#
#.#._.#.### ##..# #...# #..#.#[.#
#...# #...# #...#†..## ####.#
#####...#####........# .
..##.###.......Z@..#..#.##÷.###..
...............○.................
##.#.###...........#..##.#...##..
.....# ###.......###.>##.#...#
##.### #.#...#.# #.........# #.#
#.#...#.# ##........# #.#
#.#...#.# #<##.#...#
##.#######.##.##.# #.##.#...#
#.......##.......# #.##.....#


You could see a bullfrog skeleton.

Vanquished Creatures
  2 ball pythons (D:1)
  6 endoplasms
  4 goblins
  2 hobgoblins (D:2)
  6 jackals
  2 quokkas (D:1)
  2 bats (D:1)
  3 frilled lizards
  2 kobolds (D:1)
  4 rats
33 creatures vanquished.

Notes
Turn   | Place    | Note
-------+----------+-------------------------------------------
     0 | D:1      | Lanoc the Palentonga Venom Mage began the quest for the
                  | Orb.
     0 | D:1      | Reached XP level 1. HP: 13/13 MP: 3/3
    19 | D:1      | Found Ymoux's Weapon Shop.
   255 | D:1      | Reached XP level 2. HP: 20/20 MP: 1/5
  1262 | D:2      | Found a faded altar of an unknown god.
  1290 | D:2      | Reached XP level 3. HP: 20/25 MP: 1/6
  1331 | D:2      | Became a worshipper of Qazlal Stormbringer
  1331 | D:2      | Reached * piety under Qazlal
  1402 | D:2      | Found Kigoufro's Jewellery Emporium.
  1996 | D:2      | Slain by a bullfrog skeleton

Illustrated notes

Levels and vault maps discovered:
D:1:      dpeg_arrival_shrine, layout_basic, serial_shops, nicolae_shop_trees,
          minmay_pentomino_z4
D:2:      layout_loops_cross, serial_shops, nicolae_shop_stone,
          chequers_ecumenical_altar_simple_redux, uniq_crazy_yiuf_cottage,
          uniq_sigmund

Skill      XL: |  1  2 |
---------------+-------+-----
Dodging        | 2 |  2.2
Stealth        | |  1.2
Spellcasting   | |  2.0
Transmutations | |  1.9
Poison Magic   | |  2.9

Action                   || total
-------------------------++-------
Melee: Unarmed           ||    40
       Tailslap          ||     5
 Cast: Sting             ||    61
Armor: Robe              ||    35
Dodge: Dodged            ||    36

Table legend: (Time is in decaauts)
 A = Elapsed time spent in this place.
 B = Non-inter-level travel time spent in this place.
 C = Inter-level travel time spent in this place.
 D = Time resting spent in this place.
 E = Time spent auto-exploring this place.
 F = Levels seen in this place.
 G = Mean time per level.
                   A        B        C        D        E       F      G
               +--------+--------+--------+--------+--------+-----+--------+
         Total |   1996 |   1982 |     14 |      0 |   1691 |   2 |  998.0 |
       Dungeon |   1996 |   1982 |     14 |      0 |   1691 |   2 |  998.0 |
               +--------+--------+--------+--------+--------+-----+--------+

Top non-repeatable levels by time:
     D:1: 1255 daAuts
     D:2: 740 daAuts
